noty, neutral male scurrid Tourist -+------------ - |$.......*.....| |<...*.........| ......@A.......| ---------------- noty the Rambler Experience level: 1 Strength: 11 Dexterity: 9 Constitution: 12 Intelligence: 14 Wisdom: 10 Charisma: 19 Health: 0(9) Energy: 2(2) Def: 0 Gold: 380 Moves: 75 Dungeon seed: idRKYKOxOx37D_RX Game ID: noty_1498606994 Your Inventory: Coins $ - 380 gold pieces Weapons a - 45 uncursed +2 darts (in quiver) Armor e - a blessed +0 Hawaiian shirt (being worn) Comestibles b - an uncursed fortune cookie c - 3 uncursed eggs d - 6 uncursed tripe rations f - an uncursed chestnut g - an uncursed tin of spinach Scrolls i - 3 uncursed scrolls of magic mapping j - a blessed scroll of magic mapping o - an uncursed scroll of charging Potions h - 2 uncursed potions of extra healing Wands m - an uncursed wand of secret door detection (0:13) Tools k - an uncursed expensive camera (0:49) l - an uncursed credit card n - an uncursed tin opener Spells and supernatural/magical abilities: Name Level Category Fail Memory W - pray for help -- divine ? -- Your skills at the end: Miscellaneous Skills wands [Basic] Weapon Skills dart [Basic] Spellcasting Skills Final Attributes: You were devoutly aligned. You had infravision. You were very stealthy. You are dead. Vanquished creatures: a coyote a grid bug 2 creatures vanquished. Voluntary challenges: You went without food. You did not adorn yourself with jewelry or accessories. You did not cause conflict. You were not invisible. You did not have reflection. You were not displaced. You were an atheist. You never hit with a wielded weapon. You were a pacifist. You did not use tools. You did not use plumbed fixtures. You did not drink any magical draughts. You were illiterate. You never genocided any monsters. You never polymorphed an object. You never changed form. You used no wishes. You never split a pudding. You never wrote Elbereth's name. You never violated your personal moral code. Dungeon overview: The Dungeons of Doom: levels 1 to 21 Level 1 a long staircase Level 2 Level 3 a long staircase Level 4 Level 5 Level 6 Level 7 Level 8 Level 9 Level 10 Level 11 Level 12 Level 13 Level 14 an altar to Offler Level 15 Level 16 a sink Level 17 Level 18 Level 19 a temple to The Lady, a fountain Level 20 Level 21 <- You were here History has recorded: On T:1 you entered the Dungeons of Doom to retrieve the Amulet of Yendor! On T:27 you reached level 2 of The Dungeons of Doom. On T:29 you reached level 3 of The Dungeons of Doom. On T:31 you reached level 4 of The Dungeons of Doom. On T:34 you reached level 5 of The Dungeons of Doom. On T:36 you reached level 6 of The Dungeons of Doom. On T:38 you reached level 7 of The Dungeons of Doom. On T:43 you reached level 9 of The Dungeons of Doom. On T:45 you reached level 10 of The Dungeons of Doom. On T:49 you reached level 11 of The Dungeons of Doom. On T:51 you reached level 12 of The Dungeons of Doom. On T:53 you reached level 13 of The Dungeons of Doom. On T:55 you reached level 14 of The Dungeons of Doom. On T:58 you reached level 15 of The Dungeons of Doom. On T:58 you entered the Rogue tribute level. On T:60 you reached level 16 of The Dungeons of Doom. On T:62 you reached level 17 of The Dungeons of Doom. On T:64 you reached level 18 of The Dungeons of Doom. On T:67 you reached level 19 of The Dungeons of Doom. On T:70 you reached level 20 of The Dungeons of Doom. On T:73 you reached level 21 of The Dungeons of Doom. Score breakdown: Gold: 39 ( 3 points) Experience: 1 level ( 0 points) Exploration: 21 levels ( 600 points) Discoveries: 1 item ( 50 points) Variety of kills: 2 monsters ( 100 points) Major goal: (nothing yet) ( 0 points) Survival: died (score multiplied by 3) Total score: 2259 Latest messages: You have no weapon equipped. You start digging downward. You continue digging downward. You dig a pit in the floor. You continue digging downward. You dig a hole through the floor. You fall through... You start digging downward. You continue digging downward. You dig a pit in the floor. You continue digging downward. You dig a hole through the floor. You fall through... You start digging downward. You continue digging downward. You dig a pit in the floor. The couatl bites! (2x) The couatl brushes against your leg. That command is only available in debug mode. You are still in a pit. The couatl bites! You die... Final status: Aloha noty the Tourist, killed by a couatl... You died in The Dungeons of Doom on dungeon level 21 with 2259 points, and 380 pieces of gold, after 75 moves. You were level 1 with a maximum of 9 hit points when you died.